 Dungeon Crawl Stone Soup version 0.30.0-11-gf55b779eaf (webtiles) character file.

Game seed: 13139589485915888593

26501 unlimited1921 the Thaumaturge (level 13, -3/77 HPs)
             Began as a Djinni Fire Elementalist on May 17, 2023.
             Was the Champion of Cheibriados.
             Slain by a two-headed ogre
             ... wielding a +0 giant spiked club
              (12 damage)
             ... on level 1 of the Orcish Mines.
             The game lasted 01:46:12 (22155 turns).

unlimited1921 the Thaumaturge (DjFE)               Turns: 22155, Time: 01:46:17

Health: -3/77      AC: 19    Str: 21    XL:     13   Next: 58%
Gold:   1219       EV: 15    Int: 47    God:    Cheibriados [******] SH:  8 Dex: 27

rFire   + + .        c - +2 short sword (protect)
rCold   x . .        i - +0 buckler
rNeg    . . .        M - +0 acid dragon scales
rPois   ∞            K - +3 hat of Pondering {ponderous, Will+ MP+10 Int+5}
rElec   .            X - +0 cloak
rCorr   +            A - +2 pair of gloves {infuse}
SInv    +            (boots unavailable)
Will    ++...        (no amulet)
Stlth   +++          w - +4 ring of protection
HPRegen 0.32/turn    E - ring of see invisible
MPRegen 0.00/turn

%: infuse magic (-4 HP)
@: flying, very slow
A: sickness immunity, fire resistance 2, cold vulnerability 1, float, innate
caster, HP casting, extra vitality 1, clever 1, no potion heal 1
a: Renounce Religion, Bend Time, Temporal Distortion, Slouch, Step From Time


You were on level 1 of the Orcish Mines.
You worshipped Cheibriados.
Cheibriados was exalted by your worship.
You visited 3 branches of the dungeon, and saw 16 of its levels.
You also visited: Bailey.

You collected 1406 gold pieces.
You spent 187 gold pieces at shops.

Inventory:

Hand Weapons
 c - a +2 short sword of protection (weapon)
 h - a +3 vampiric dagger
 k - a +2 hand axe of freezing
 l - a +2 dagger of venom
 t - a +0 trident
 x - a +4 hand axe
 G - a +2 rapier of holy wrath
 H - a +2 whip of freezing
 L - a +1 short sword of electrocution
Missiles
 a - 20 poisoned darts
 f - 18 boomerangs
 s - 2 throwing nets
Armour
 e - a +1 scale mail of willpower
 i - a +0 buckler (worn)
 y - a +1 robe of cold resistance
 A - a +2 pair of gloves of infusion (worn)
 C - a +1 plate armour of cold resistance
 K - the +3 hat of Pondering (worn) {ponderous, Will+ MP+10 Int+5}
   (You took it off Gastronok on level 8 of the Dungeon)

   Int:       It affects your intelligence (+5).
   MP:        It affects your magic capacity (+10).
   Will:      It increases your willpower.
 M - +0 acid dragon scales (worn)
 X - a +0 cloak (worn)
Jewellery
 w - a +4 ring of protection (left hand)
 E - a ring of see invisible (right hand)
Wands
 g - a wand of mindburst (19)
 D - a wand of flame (36) (quivered)
 F - a wand of polymorph (5)
 O - a wand of quicksilver (5)
 R - a wand of digging (2)
 S - a wand of roots (2)
Scrolls
 b - a scroll of poison
 d - 9 scrolls of teleportation
 o - a scroll of immolation
 v - 2 scrolls of magic mapping
 z - 2 scrolls of enchant armour
 I - a scroll of butterflies
 N - a scroll of fog
 U - a scroll of silence
Potions
 j - a potion of brilliance
 m - 3 potions of curing
 n - 2 potions of might {unknown}
 p - a potion of mutation
 r - 2 potions of attraction {unknown}
 u - a potion of invisibility
 J - a potion of lignification {unknown}
 P - 3 potions of cancellation {unknown}
 Q - 3 potions of flight {unknown}
 V - a potion of ambrosia
 W - a potion of heal wounds
Miscellaneous
 B - a box of beasts


   Skills:
 + Level 1.2 Fighting
 + Level 1.2 Short Blades
 * Level 7.1 Armour
 + Level 5.0 Dodging
 + Level 4.9 Stealth
 * Level 9.8 Shields
 + Level 13.5 Spellcasting
 + Level 1.0 Evocations


You knew the following spells:

 Your Spells              Type           Power      Damage    Failure   Level
a - Foxfire               Conj/Fire      100%       2x1d9     0%          1
b - Scorch                Fire           100%       2d9       0%          2
c - Volatile Blastmotes   Fire/Tloc      100%       2d18      0%          3
d - Inner Flame           Hex/Fire       100%       N/A       0%          3
e - Flame Wave            Conj/Fire      100%       2d21      1%          4
f - Kiss of Death         Conj/Necr      100%       2d13      0%          1
g - Lesser Beckoning      Tloc           100%       N/A       0%          2
h - Ignite Poison         Fire/Tmut/Pois 100%       N/A       0%          3
i - Teleport Other        Tloc           100%       N/A       0%          3
j - Yara's Violent Unrav  Hex/Tmut       51%        3d20      1%          5
k - Summon Mana Viper     Hex/Summ       100%       N/A       1%          5
Your spell library was empty.

Dungeon Overview and Level Annotations

Branches:
Dungeon (13/15)            Temple (1/1) D:6             Orc (2/2) D:12
    Elf (0/3) Orc:2        Bailey (visited)
   Lair: D:8-11      Vaults: D:13-14

Altars:
Ashenzari
Cheibriados
Dithmenos
Elyvilon
Fedhas
Gozag
Hepliaklqana
Makhleb
Nemelex Xobeh
Okawaru
Qazlal
Ru
Trog
Uskayaw
Wu Jian
Xom
Yredelemnul
Zin
The Shining One

Shops:
D:5 **

Annotations:
D:9 1 transporter
D:11 exclusion: orange crystal statue


Innate Abilities, Weirdness & Mutations

You are immune to sickness and miasma.
You are immune to poison.
Your flesh is very heat resistant. (rF++)
You are vulnerable to cold. (rC-)
You float through the air rather than walking.
You learn spells naturally, not from books.
Your magical power is your life essence.
You have superior vitality. (+4 MHP)
Your mind is acute. (Int +4, Str/Dex -1)
Potions are less effective at restoring your health.


Message History

You block the two-headed ogre's attack. x2; The two-headed ogre misses you.
You block the two-headed ogre's attack.
Things that are here:
a +0 chain mail; a +0 dire flail; a +0 giant club The ogre completely misses you.
There is a stone staircase leading up here.
The two-headed ogre hits you with a +0 giant spiked club.
You block the two-headed ogre's attack. The two-headed ogre closely misses you.
You block the two-headed ogre's attack. The ogre closely misses you.
You fly upwards.
There is a stone staircase leading down here.
Casting: Teleport Other (safe; 0% risk of failure)
Confirm with . or Enter, or press ? or * to list all spells.
Casting: Flame Wave (safe; 1% risk of failure)
Press: ? - help, Dir - look around, f - activate A wave of flame ripples out!
The flame wave engulfs the two-headed ogre!!!
The two-headed ogre is severely wounded.
The flame wave engulfs the ogre!!
You kill the ogre!
Cheibriados thoroughly appreciates the change of pace.
The flame wave engulfs the two-headed ogre!!
The two-headed ogre is moderately wounded. (Press . to intensify the flame waves.)
* * * LOW HITPOINT WARNING * * *
You block the two-headed ogre's attack.
The two-headed ogre completely misses you.
The two-headed ogre hits you with a +0 giant spiked club!
* * * LOW HITPOINT WARNING * * *
The two-headed ogre hits you with a +0 giant club!
* * * LOW HITPOINT WARNING * * *
Your system partially rejects the healing.
You feel much better.
Your system partially rejects the healing.
You feel much better.
The two-headed ogre hits you with a +0 giant spiked club!
* * * LOW HITPOINT WARNING * * *
The two-headed ogre closely misses you. The two-headed ogre misses you.
The two-headed ogre hits you with a +0 giant club!
You die...

######^.......#####
##.##.#.......#.##.##
#...................#
##...............#.####
#.......)..........##.##
##..#...)))............##
#####..)[[.........#...#
#####..##[...[)O........#.##
##.##.[.......[@[....#..####
#...........#.O[.........##
#..)).....................#
##.[)#..##................##
#.)##...#................#.##
..##...............#........#
..###......................##
.####....#.............#.###
## #.................#####


You could see 2 two-headed ogres.

Vanquished Creatures
  Gastronok (D:8)
  An ogre mage (Orc:2)
  Erica (D:9)
  5 two-headed ogres
  An orc knight (Bailey)
  Pikel (D:8)
  A deep elf pyromancer (D:13)
  An orc sorcerer (Orc:2)
  2 cyclopes (D:13)
  2 manticores (D:13)
  2 ugly things
  Maurice (D:12)
  Maggie (D:9)
  An unseen horror (D:12)
  A troll (D:9)
  2 hornets
  A shadow (D:9)
  2 wyverns
  8 slime creatures
  A vampire (D:9)
  4 wraiths
  32 yaks
  4 vampire mosquitoes (D:11)
  2 wargs
  4 acid dragons
  A black bear (D:5)
  2 ice beasts
  5 ogres
  22 orc warriors
  A wolf (D:11)
  15 centaurs
  3 phantoms (D:5)
  2 kobold brigands
  3 lemures (D:8)
  3 bullfrogs
  2 scorpions
  9 wights
  A killer bee (D:9)
  4 howler monkeys
  3 hounds
  2 jellies (D:5)
  15 orc priests
  2 gnoll boudas
  An iguana (D:7)
  A sleepcap (D:5)
  21 orc wizards
  11 gnolls
  3 adders
  3 dart slugs
  74 orcs
  8 ball pythons
  9 endoplasms
  5 giant cockroaches
  7 goblins
  6 jackals
  5 bats
  5 frilled lizards
  17 kobolds
  8 rats
361 creatures vanquished.

Vanquished Creatures (collateral kills)
  A manticore (D:12)
  A troll (Orc:2)
  2 orc warriors (Orc:1)
  2 ogres
  An orc priest (Orc:2)
  5 orcs
  3 foxfires (D:5)
15 creatures vanquished.

Vanquished Creatures (others)
  A goblin (D:5)
  744 foxfires
745 creatures vanquished.

Grand Total: 1121 creatures vanquished

Notes
Turn   | Place    | Note
-------+----------+-------------------------------------------
     0 | D:1      | unlimited1921 the Djinni Fire Elementalist began the quest
                  | for the Orb.
     0 | D:1      | unlimited1921 set off with the following spells memorised:
                  | Foxfire, Scorch, Volatile Blastmotes, Inner Flame, Flame
                  | Wave.
     0 | D:1      | Reached XP level 1. HP: 15/15 MP: 0/0
   180 | D:1      | Reached XP level 2. HP: 17/21 MP: 0/0
  1422 | D:1      | Found a faded altar of an unknown god.
  2043 | D:2      | Reached skill level 3 in Spellcasting
  2043 | D:2      | Reached XP level 3. HP: 22/25 MP: 0/0
  2043 | D:2      | Learned a level 1 spell: Kiss of Death
  2452 | D:2      | Got Lumn's Atlas of Transition
  3185 | D:3      | Reached XP level 4. HP: 29/31 MP: 0/0
  3497 | D:3      | Noticed an ogre
  3505 | D:3      | Killed an ogre
  3506 | D:3      | Reached skill level 1 in Shields
  3506 | D:3      | Reached XP level 5. HP: 23/35 MP: 0/0
  3506 | D:3      | Learned a level 2 spell: Lesser Beckoning
  3572 | D:3      | Reached XP level 6. HP: 30/40 MP: 0/0
  3856 | D:3      | Reached skill level 4 in Spellcasting
  4803 | D:4      | Found a snail-covered altar of Cheibriados.
  4820 | D:4      | Reached XP level 7. HP: 40/45 MP: 0/0
  4820 | D:4      | Learned a level 3 spell: Ignite Poison
  4853 | D:4      | Became a worshipper of Cheibriados the Contemplative
  5048 | D:4      | Reached skill level 5 in Spellcasting
  5442 | D:4      | Reached * piety under Cheibriados
  5448 | D:4      | Found a sparkling altar of Nemelex Xobeh.
  5974 | D:5      | Entered Level 5 of the Dungeon
  6047 | D:5      | Reached XP level 8. HP: 46/50 MP: 0/0
  6064 | D:5      | Found a shimmering altar of Xom.
  6226 | D:5      | Reached skill level 1 in Short Blades
  6402 | D:5      | Found Fehelosh's Assorted Antiques.
  6409 | D:5      | Bought a diamond ring for 95 gold pieces
  6409 | D:5      | Bought a yellow potion for 17 gold pieces
  6782 | D:5      | Reached skill level 6 in Spellcasting
  6822 | D:5      | Found an opulent altar of Gozag.
  7189 | D:5      | Found Lilele's Assorted Antiques.
  7193 | D:5      | Bought a scroll of identify for 52 gold pieces
  7454 | D:6      | Reached ** piety under Cheibriados
  7463 | D:6      | Reached XP level 9. HP: 28/56 MP: 0/0
  7463 | D:6      | Learned a level 3 spell: Teleport Other
  7587 | D:6      | Found a shadowy altar of Dithmenos.
  8064 | D:5      | Bought an orange potion for 23 gold pieces
  8216 | D:6      | Reached skill level 7 in Spellcasting
  8944 | D:6      | Found a staircase to the Ecumenical Temple.
  9250 | Temple   | Entered the Ecumenical Temple
  9538 | D:7      | Found a flagged portal.
  9554 | Bailey   | Entered a bailey
  9943 | Bailey   | Noticed an orc knight
 10012 | Bailey   | Reached *** piety under Cheibriados
 10013 | Bailey   | Reached skill level 5 in Shields
 10061 | Bailey   | Killed an orc knight
 10062 | Bailey   | Reached skill level 8 in Spellcasting
 10304 | D:7      | Reached XP level 10. HP: 53/61 MP: 0/0
 11331 | D:8      | Reached skill level 9 in Spellcasting
 11468 | D:8      | Noticed Gastronok
 11480 | D:8      | Killed Gastronok
 11668 | D:8      | Noticed Pikel
 11671 | D:8      | Killed Pikel
 11672 | D:8      | Reached skill level 10 in Spellcasting
 11682 | D:9      | Noticed Maggie
 11805 | D:8      | Found a broken altar of Ashenzari.
 12068 | D:8      | Reached XP level 11. HP: 61/66 MP: 0/0
 12068 | D:8      | Learned a level 5 spell: Yara's Violent Unravelling
 12926 | D:9      | Reached **** piety under Cheibriados
 12930 | D:9      | Killed Maggie
 12931 | D:9      | Reached skill level 1 in Armour
 13419 | D:9      | Reached ***** piety under Cheibriados
 13420 | D:9      | Reached skill level 11 in Spellcasting
 13563 | D:9      | Found a transporter.
 14077 | D:9      | Found a sacrificial altar of Ru.
 14232 | D:9      | Noticed Erica
 14237 | D:9      | Killed Erica
 14404 | D:9      | Noticed a two-headed ogre
 14852 | D:9      | Killed a two-headed ogre
 14951 | D:10     | Entered Level 10 of the Dungeon
 15163 | D:10     | Found a glowing golden altar of the Shining One.
 15194 | D:10     | Reached skill level 1 in Fighting
 15369 | D:10     | Reached XP level 12. HP: 68/72 MP: 0/0
 16906 | D:12     | Reached skill level 5 in Armour
 16917 | D:12     | Reached skill level 12 in Spellcasting
 17063 | D:12     | Noticed a two-headed ogre
 17067 | D:12     | Killed a two-headed ogre
 17258 | D:12     | Found a staircase to the Orcish Mines.
 17589 | D:12     | Reached ****** piety under Cheibriados
 17668 | D:12     | Noticed Maurice
 17673 | D:12     | Killed Maurice
 17883 | D:12     | You are sucked into a shaft and drop 1 floor!
 18349 | D:13     | Gained mutation: Your body sometimes deteriorates upon
                  | taking damage. [you]
 18760 | D:13     | Reached XP level 13. HP: 38/76 MP: 0/0
 18760 | D:13     | Learned a level 5 spell: Summon Mana Viper
 19303 | D:13     | Reached skill level 13 in Spellcasting
 20385 | D:12     | Lost mutation: Your body sometimes deteriorates upon taking
                  | damage. [potion of mutation]
 20385 | D:12     | Gained mutation: You are agile. (Dex +4, Str/Int -1)
                  | [potion of mutation]
 20385 | D:12     | Gained mutation: Armour fits poorly on your strangely
                  | shaped body. [potion of mutation]
 20385 | D:12     | Gained mutation: Your flesh is almost immune to the effects
                  | of heat. (rF+++) [potion of mutation]
 20385 | D:12     | Gained mutation: Your muscles are strong. (Str +4, Int/Dex
                  | -1) [potion of mutation]
 20386 | D:12     | Lost mutation: Your muscles are strong. (Str +4, Int/Dex
                  | -1) [potion of mutation]
 20386 | D:12     | Lost mutation: You are agile. (Dex +4, Str/Int -1) [potion
                  | of mutation]
 20386 | D:12     | Gained mutation: You are frail. (-10% HP) [potion of
                  | mutation]
 20386 | D:12     | Gained mutation: Your body sometimes deteriorates upon
                  | taking damage. [potion of mutation]
 20386 | D:12     | Gained mutation: You are agile. (Dex +4, Str/Int -1)
                  | [potion of mutation]
 20387 | D:12     | Lost mutation: Your flesh is almost immune to the effects
                  | of heat. (rF+++) [potion of mutation]
 20387 | D:12     | Lost mutation: Your body sometimes deteriorates upon taking
                  | damage. [potion of mutation]
 20387 | D:12     | Gained mutation: Your muscles are strong. (Str +4, Int/Dex
                  | -1) [potion of mutation]
 20387 | D:12     | Lost mutation: Your muscles are strong. (Str +4, Int/Dex
                  | -1) [potion of mutation]
 20388 | D:12     | Lost mutation: You are frail. (-10% HP) [potion of
                  | mutation]
 20388 | D:12     | Lost mutation: Armour fits poorly on your strangely shaped
                  | body. [potion of mutation]
 20388 | D:12     | Lost mutation: You are agile. (Dex +4, Str/Int -1) [potion
                  | of mutation]
 20388 | D:12     | Gained mutation: Potions are less effective at restoring
                  | your health. [potion of mutation]
 20388 | D:12     | Gained mutation: Your mind is acute. (Int +4, Str/Dex -1)
                  | [potion of mutation]
 20403 | Orc:1    | Entered Level 1 of the Orcish Mines
 20410 | Orc:2    | Entered Level 2 of the Orcish Mines
 21284 | Orc:1    | Reached skill level 1 in Evocations
 21796 | Orc:2    | Found a staircase to the Elven Halls.
 22122 | Orc:2    | Noticed an ogre mage
 22127 | Orc:2    | Killed an ogre mage
 22139 | Orc:2    | Reached skill level 5 in Dodging
 22153 | Orc:1    | HP: 2/77 [two-headed ogre/+0 giant spiked club (8)]
 22155 | Orc:1    | Slain by a two-headed ogre

Illustrated notes

Levels and vault maps discovered:
D:1:      minmay_arrival_split_and_join, layout_loops_ring,
          shapermc_ecumenical_altar_hornbeckon
D:2:      layout_basic
D:3:      layout_loops_ring
D:4:      layout_loops_cross, mainiacjoe_overflow_tiny_flanked,
          nemelex_dance_club_becter, minmay_misc_feat_square, solitary_fountain,
          kennysheep_nondescript
D:5:      layout_basic, dk_xom_monty_hall, grunt_gozag_statues, serial_shops,
          shop, nicolae_shop_trees, serial_bayou, serial_bayou_shore_a,
          serial_bayou_crossing, serial_bayou_shore_b, serial_bayou_ford_a
D:6:      layout_basic, nicolae_overflow_squiral,
          minmay_temple_entry_from_below_a
D:7:      layout_loops_ring, enter_bailey_5
D:8:      layout_basic, nicolae_ashenzari_skybound, serial_rivers,
          chequers_serial_rivers_room_a, chequers_serial_rivers_room_b,
          chequers_serial_rivers_micro_c, chequers_serial_rivers_marsh,
          uniq_gastronok, uniq_pikel
D:9:      minmay_s_stair_smasher, layout_rooms, lemuel_crystal_altar,
          vehumet_altar_wand_db, nicolae_diode_basic, uniq_maggie, uniq_erica
D:10:     layout_roguey, mainiacjoe_overflow_paths
D:11:     layout_irregular_city, hellmonk_lair_entry_icy, dk_vineyard_3,
          minivault_16
D:12:     layout_basic, orc_david_3, minivault_5, minmay_between, uniq_maurice
D:13:     layout_cave_pods, gauntlet_entry_generic
Temple:   hellmonk_temple_forest_ring
Orc:1:    layout_caves, nicolae_orc_stony_grotto
Orc:2:    st_orc_ogre_mass, layout_caves

Skill      XL: |  1  2  3  4  5  6  7  8  9 10 11 12 13 |
---------------+----------------------------------------+-----
Spellcasting   | 3 4 5 6 8 10 11 12 13 | 13.5
Dodging        | 3 4 5 |  5.0
Stealth        | 2 3 4 |  4.9
Shields        | 1 2 3 4 5 6 8 9 |  9.8
Short Blades   | 1 |  1.2
Armour         | 3 6 7 |  7.1
Fighting       | 1 |  1.2
Evocations     | 1 |  1.0

Action                     |  1- 3 |  4- 6 |  7- 9 | 10-12 | 13-15 || total
---------------------------+-------+-------+-------+-------+-------++-------
  Melee: Short sword       |    25 |       |     4 |     6 |     2 ||    37
   Cast: Foxfire           |    59 |    66 |   159 |   161 |    15 ||   460
         Scorch            |     1 |     4 |    29 |   102 |    24 ||   160
         Inner Flame       |       |     1 |    33 |   109 |    39 ||   182
         Volatile Blastmot |       |     1 |     3 |     7 |     3 ||    14
         Flame Wave        |       |       |     1 |     9 |    17 ||    27
         Teleport Other    |       |       |       |     8 |     2 ||    10
         Yara's Violent Un |       |       |       |    19 |    23 ||    42
         Summon Mana Viper |       |       |       |       |    23 ||    23
  Evoke: Wand              |       |       |       |     6 |     2 ||     8
    Use: Scroll            |     2 |       |     9 |     6 |     2 ||    19
         Potion            |       |       |       |     2 |     6 ||     8
   Stab: Sleeping          |     2 |       |     1 |       |       ||     3
 Armour: Robe              |     6 |     1 |     4 |     5 |       ||    16
         Acid dragon scale |       |       |       |    57 |    30 ||    87
  Dodge: Dodged            |    19 |     1 |    13 |   100 |    57 ||   190
  Block: Buckler           |       |       |     9 |    51 |    32 ||    92
